 Dungeon Crawl Stone Soup version 0.30.1-4-g462c640d31 (webtiles) character file.

Game seed: 13348529130956623055

149 leafyfresh the Covert (level 5, 0/47 HPs)
             Began as a Gnoll Delver on Aug 10, 2023.
             Slain by a hobgoblin zombie (1 damage)
             ... in an ossuary.
             The game lasted 00:02:34 (600 turns).

leafyfresh the Covert (Gnoll Delver)                 Turns: 600, Time: 00:02:34

Health: 0/47       AC:  3    Str: 11    XL:     5   Next: 31%
Magic:  7/7        EV: 13    Int: 11    God:
Gold:   14         SH:  0    Dex: 14    Spells: 7/7 levels left

rFire   . . .        a - +0 short sword
rCold   . . .        (no shield)
rNeg    . . .        b - +0 leather armour
rPois   .            (no helmet)
rElec   .            (no cloak)
rCorr   .            (no gloves)
SInv    .            (no boots)
Will    .....        (no amulet)
Stlth   ++++         (no ring)
HPRegen 0.27/turn    (no ring)
MPRegen 0.10/turn

%: no passive effects
@: marked
A: fangs 1, strong nose, distributed training
a: no special abilities


You were in an ossuary.
You visited 1 branch of the dungeon, and saw 1 of its levels.
You also visited: Ossuary.

You collected 14 gold pieces.

Inventory:

Hand Weapons
 a - a +0 short sword (weapon)
Armour
 b - a +0 leather armour (worn)
Wands
 g - a wand of digging (3)
Scrolls
 c - a scroll of fog
 e - a scroll of fear


   Skills:
 + Level 6.7 Fighting
 + Level 4.8 Short Blades
 + Level 1.5 Long Blades
 + Level 1.5 Axes
 + Level 1.5 Maces & Flails
 + Level 1.5 Polearms
 + Level 1.5 Staves
 + Level 1.5 Ranged Weapons
 + Level 1.5 Throwing
 + Level 1.5 Armour
 + Level 4.8 Dodging
 + Level 9.7 Stealth
 + Level 1.5 Shields
 + Level 1.5 Unarmed Combat
 + Level 1.5 Spellcasting
 + Level 1.2 Conjurations
 + Level 1.2 Hexes
 + Level 1.2 Summonings
 + Level 1.2 Necromancy
 + Level 1.2 Translocations
 + Level 1.2 Transmutations
 + Level 1.2 Fire Magic
 + Level 1.2 Ice Magic
 + Level 1.2 Air Magic
 + Level 1.2 Earth Magic
 + Level 1.2 Poison Magic
 + Level 1.7 Invocations
 + Level 1.5 Evocations


You had 7 spell levels left.
You didn't know any spells.
Your spell library was empty.

Dungeon Overview and Level Annotations

Branches:
Dungeon (5/15)            Ossuary (1/1)
 Temple: D:4-7

Altars:
Ashenzari
Dithmenos
Kikubaaqudgha
Uskayaw
Xom

Shops:
D:5 [[!


Innate Abilities, Weirdness & Mutations

You have very sharp teeth.
Your uncanny sense of smell can sniff out nearby items.
Your experience applies equally to all skills.


Message History

There is a gate leading back out of this place here.
Unknown command.
The mummy fails to trigger a net trap.
You are too injured to fight recklessly!
You are too injured to fight recklessly!
You are too injured to fight recklessly!
You are too injured to fight recklessly!
Unknown command.
You hit the hobgoblin zombie.
You bite the hobgoblin zombie, but do no damage.
The hobgoblin zombie is lightly damaged.
You hit the mummy but do no damage.
The mummy fails to trigger a net trap.
You hit the mummy.
The mummy is moderately damaged.
The hobgoblin zombie fails to trigger a net trap.
You hit the mummy but do no damage.
The mummy is moderately damaged.
You hit the mummy. You punch the mummy, but do no damage.
The mummy is moderately damaged.
The hobgoblin zombie completely misses you.
The mummy closely misses you.
You barely miss the mummy.
The mummy is moderately damaged.
The hobgoblin zombie barely misses you.
You hit the mummy but do no damage.
The mummy is moderately damaged.
The mummy barely misses you.
Unknown command.
You hit the mummy.
The mummy is heavily damaged.
The mummy barely misses you. The hobgoblin zombie hits you.
You hit the mummy.
The mummy is heavily damaged.
The hobgoblin zombie closely misses you.
The mummy hits you!
* * * LOW HITPOINT WARNING * * *
You hit the mummy.
The mummy is heavily damaged.
The hobgoblin zombie hits you.
You die...

##############
###########.#.#.#.#.#.#.
##...............^.......
#........Z...^..^...^..§.
#.....∩.@M...^.....^..^Z.
#.......MZ..^.M.....Z....
##........^^......^...M.§
###########.#.#.#.#.#§#.
##############


You could see 3 mummies and 2 hobgoblin zombies.

Vanquished Creatures
  2 centaur zombies (Ossuary)
  A jelly (D:5)
  3 mummies (Ossuary)
  2 adders (D:5)
  3 hobgoblin zombies (Ossuary)
11 creatures vanquished.

Notes
Turn   | Place    | Note
-------+----------+-------------------------------------------
     0 | D:5      | Reached skill level 9 in Stealth
     0 | D:5      | leafyfresh the Gnoll Delver began the quest for the Orb.
     0 | D:5      | Reached XP level 1. HP: 23/23 MP: 1/1
     5 | D:5      | Found a shadowy altar of Dithmenos.
     6 | D:5      | Noticed a hound
    44 | D:5      | Noticed a jelly
    48 | D:5      | Found Bax Kaicie's Distillery.
    49 | D:5      | Found a shimmering altar of Xom.
    50 | D:5      | Killed a jelly
    51 | D:5      | Reached XP level 2. HP: 29/29 MP: 1/3
    51 | D:5      | Reached XP level 3. HP: 35/35 MP: 1/4
    58 | D:5      | Found an ancient bone altar of Kikubaaqudgha.
    61 | D:5      | Found a hide-covered altar of Uskayaw.
    73 | D:5      | Reached skill level 1 in Invocations
    83 | D:5      | Found Yrutiw's Armour Shop.
   100 | D:5      | Reached skill level 1 in Long Blades
   100 | D:5      | Reached skill level 1 in Axes
   100 | D:5      | Reached skill level 1 in Maces & Flails
   100 | D:5      | Reached skill level 1 in Polearms
   100 | D:5      | Reached skill level 1 in Staves
   100 | D:5      | Reached skill level 1 in Ranged Weapons
   100 | D:5      | Reached skill level 1 in Throwing
   100 | D:5      | Reached skill level 1 in Armour
   100 | D:5      | Reached skill level 1 in Shields
   100 | D:5      | Reached skill level 1 in Unarmed Combat
   100 | D:5      | Reached skill level 1 in Spellcasting
   100 | D:5      | Reached skill level 1 in Evocations
   106 | D:5      | Found Aloqino's Antique Armour Emporium.
   113 | D:5      | Found a broken altar of Ashenzari.
   171 | D:5      | Found a sand-covered staircase.
   178 | Ossuary  | Entered an ossuary
   183 | Ossuary  | Reached XP level 4. HP: 41/41 MP: 5/5
   202 | Ossuary  | Reached skill level 1 in Conjurations
   202 | Ossuary  | Reached skill level 1 in Hexes
   202 | Ossuary  | Reached skill level 1 in Summonings
   202 | Ossuary  | Reached skill level 1 in Necromancy
   202 | Ossuary  | Reached skill level 1 in Translocations
   202 | Ossuary  | Reached skill level 1 in Transmutations
   202 | Ossuary  | Reached skill level 1 in Fire Magic
   202 | Ossuary  | Reached skill level 1 in Ice Magic
   202 | Ossuary  | Reached skill level 1 in Air Magic
   202 | Ossuary  | Reached skill level 1 in Earth Magic
   202 | Ossuary  | Reached skill level 1 in Poison Magic
   559 | Ossuary  | Reached XP level 5. HP: 39/47 MP: 5/7
   599 | Ossuary  | HP: 1/47 [mummy (14)]
   600 | Ossuary  | Slain by a hobgoblin zombie

Illustrated notes

Levels and vault maps discovered:
D:5:      layout_basic, tso_altar, grunt_temple_overflow_open,
          amcnicky_altar_gilded, nicolae_dithmenos_shadow_blocks,
          chequers_ossuary_entry_cave, serial_shops,
          nicolae_shop_tiny_waterfront, shop, nicolae_shop_pleasant_corner_grove
Ossuary:  ossuary_the_hunt_dpeg

Skill      XL: |  1  2  3  4 |
---------------+-------------+-----
Stealth        | |  9.7
Invocations    | 1 |  1.7
Long Blades    | 1 |  1.5
Axes           | 1 |  1.5
Maces & Flails | 1 |  1.5
Polearms       | 1 |  1.5
Staves         | 1 |  1.5
Ranged Weapons | 1 |  1.5
Throwing       | 1 |  1.5
Armour         | 1 |  1.5
Shields        | 1 |  1.5
Unarmed Combat | 1 |  1.5
Spellcasting   | 1 |  1.5
Evocations     | 1 |  1.5
Conjurations   | 1 |  1.2
Hexes          | 1 |  1.2
Summonings     | 1 |  1.2
Necromancy     | 1 |  1.2
Translocations | 1 |  1.2
Transmutations | 1 |  1.2
Fire Magic     | 1 |  1.2
Ice Magic      | 1 |  1.2
Air Magic      | 1 |  1.2
Earth Magic    | 1 |  1.2
Poison Magic   | 1 |  1.2
Fighting       | |  6.7
Short Blades   | |  4.8
Dodging        | |  4.8

Action                     |  1- 3 |  4- 6 || total
---------------------------+-------+-------++-------
  Melee: Short sword       |     4 |    63 ||    67
         Bite              |       |    15 ||    15
         Punch             |       |     2 ||     2
    Use: Scroll            |     1 |       ||     1
         Potion            |     1 |       ||     1
   Stab: Sleeping          |     4 |     1 ||     5
 Armour: Leather armour    |       |    22 ||    22
  Dodge: Dodged            |       |    55 ||    55
